 Dungeon Crawl Stone Soup version 0.18.1-50-g88ac8fd (webtiles) character file.

154 wolfsongas the Ruffian (level 5, -11/47 HPs)
             Began as a Minotaur Monk on May 2, 2017.
             Mangled by elevatorfarts's ghost (14 damage)
             ... on level 3 of the Dungeon.
             The game lasted 00:12:25 (3054 turns).

wolfsongas the Ruffian (Minotaur Monk)              Turns: 3054, Time: 00:12:25

Health: -11/47     AC:  2    Str: 20    XL:     5   Next: 13%
Magic:  4/4        EV: 14    Int:  7    God:
Gold:   133        SH:  0    Dex: 14    Spells: 0 memorised, 4 levels left

rFire  . . .     SeeInvis .       - Unarmed
rCold  . . .     Gourm    .     m - troll hide
rNeg   . . .     Faith    .     (no shield)
rPois  .         Spirit   .     (helmet restricted)
rElec  .         Dismiss  .     (no cloak)
rCorr  .         Reflect  .     (no gloves)
SustAt .         Harm     .     (no boots)
MR     .....                    (no amulet)
Stlth  ++........               (no ring)
                                (no ring)

@: mighty, not resistant to hostile enchantments, unstealthy
A: retaliatory headbutt, horns 2
a: no special abilities


You were on level 3 of the Dungeon.
You were not hungry.

You visited 1 branch of the dungeon, and saw 3 of its levels.

You collected 133 gold pieces.

Inventory:

Hand Weapons
 o - a +0 blowgun
 r - a +0 war axe
Missiles
 f - 4 large rocks
Armour
 a - a +0 robe
 m - a troll hide (worn)
 p - a +0 chain mail
 q - a +0 plate armour
Scrolls
 b - a scroll of amnesia
 k - a scroll of recharging
Potions
 d - a potion of might
 e - a potion of cure mutation
 g - a potion of lignification {unknown}
 l - a potion of berserk rage {unknown}
Comestibles
 c - 2 meat rations
 i - a beef jerky
 j - a slice of pizza


   Skills:
 + Level 4.4 Fighting
 + Level 0.5 Armour
 + Level 4.7 Dodging
 + Level 2.2 Stealth
 + Level 5.2 Unarmed Combat


You had 4 spell levels left.
You didn't know any spells.

Dungeon Overview and Level Annotations

Branches:
Dungeon (3/15)

Altars:

Annotations:
D:3 elevatorfarts's ghost, amateur GrBe


Innate Abilities, Weirdness & Mutations

You reflexively headbutt those who attack you in melee.
You have a pair of horns on your head.


Message History

You barely miss elevatorfarts's ghost.
You headbutt elevatorfarts's ghost, but do no damage.
Elevatorfarts's ghost is lightly damaged.
Elevatorfarts's ghost closely misses you.
You barely miss elevatorfarts's ghost.
Elevatorfarts's ghost is lightly damaged.
Elevatorfarts's ghost misses you.
You hit elevatorfarts's ghost.
Your headbutt misses elevatorfarts's ghost.
Elevatorfarts's ghost is lightly damaged.
Elevatorfarts's ghost hits you!
* * * LOW HITPOINT WARNING * * *
Drink which item? (? for menu, Esc to quit)
Okay, then.
Read which item? (? for menu, Esc to quit)
Okay, then.
Drink which item? (? for menu, Esc to quit)
It was a potion of cure mutation.
It has a very clean taste.
Elevatorfarts's ghost hits you!
You die...

# #..#.#
#.#########...
##.#.#
#.#.......#.(.
#.#.#
#...#####.#...
#.#.# #####.#
#.#... #.#.#
.. ### #.#...
#.#.# .#
#....# #.#.#
.#### ######
#...####....#
##...†.@#
#..###W#
#.>..#S..
########...
..... #?.. ###


You could see elevatorfarts's ghost and an adder.

Vanquished Creatures
  An orc priest (D:3)
  4 adders
  2 worms
  2 dart slugs
  A giant gecko (D:3)
  3 orcs (D:3)
  A ball python (D:1)
  6 bats
  2 giant cockroaches
  8 goblins
  7 hobgoblins
  9 jackals
  3 quokkas (D:2)
  3 giant newts
  12 kobolds
  7 rats
71 creatures vanquished.

Notes
Turn   | Place    | Note
--------------------------------------------------------------
     0 | D:1      | wolfsongas the Minotaur Monk began the quest for the Orb.
     0 | D:1      | Reached XP level 1. HP: 19/19 MP: 0/0
   201 | D:1      | Reached XP level 2. HP: 21/27 MP: 1/1
  1115 | D:1      | Reached XP level 3. HP: 29/33 MP: 2/2
  1355 | D:2      | Reached skill level 5 in Unarmed Combat
  1883 | D:2      | Reached XP level 4. HP: 40/40 MP: 3/3
  2861 | D:3      | Reached XP level 5. HP: 4/47 MP: 4/4
  3043 | D:3      | Noticed elevatorfarts's ghost (amateur GrBe)
  3054 | D:3      | Mangled by elevatorfarts's ghost

Skill      XL: |  1  2  3  4 |
---------------+-------------+-----
Fighting       | 4 |  4.4
Unarmed Combat | 5 |  5.2
Dodging        | 4 |  4.7
Stealth        | 2 |  2.2
Armour         | |  0.5

Action                   |  1- 3 |  4- 6 || total
-------------------------+-------+-------++-------
Melee: Unarmed           |    88 |    86 ||   174
       Headbutt          |    13 |    13 ||    26
       Punch             |     2 |     3 ||     5
  Use: Scroll            |     3 |     3 ||     6
       Potion            |       |     3 ||     3
 Stab: Sleeping          |     3 |     1 ||     4
  Eat: Bread ration      |     1 |       ||     1
       Meat ration       |       |     1 ||     1
Armor: Robe              |    23 |     5 ||    28
       Troll hide        |       |     3 ||     3
Dodge: Dodged            |    74 |    60 ||   134
